Map: Dusk Towers

Players

xKawaiian

  • Race: Terran Terran
  • League: Master

Black - Winner!

  • Race: Zerg Zerg
  • League: Master

VOD

Have the link to the VOD?

Description

Time

  • Played on: Jan. 15, 2016, 5:23 p.m.
  • Length: 5:12
Show
View Real Time Build Order
Export as new Build Order

xKawaiian Terran 

Build Orders: Reaper Expand 

Get SALT Encoding   

  12  0:00  SCV  
  13  0:13  SCV  
  14  0:17  Supply Depot  
  14  0:25  SCV  
  15  0:39  SCV, Barracks  
  16  0:45  Refinery  
  16  0:51  SCV  
  17  1:03  SCV  
  18  1:16  SCV  
  19  1:29  Reaper, Orbital Command  
  20  1:40  Command Center  
  20  1:53  Supply Depot  
  20  1:54  SCV  
  21  2:03  Barracks Reactor  
  21  2:06  SCV  
  22  2:20  Command Center  
  22  2:42  Marine  
  22  2:43  Factory, Marine  
  23  2:44  SCV  
  24  2:52  Orbital Command  
  24  2:56  SCV  
  25  3:00  Marine  
  25  3:01  Marine  
  27  3:08  SCV  
  28  3:18  SCV  
  29  3:21  SCV  
  29  3:30  SCV  
  29  3:32  Hellion  
  29  3:33  Hellion  
  32  3:39  Orbital Command  
  32  3:50  SCV  
  32  3:54  Armory, Hellion x2  
  37  3:57  Barracks Tech Lab  
  37  3:58  SCV  
  39  4:02  SCV  
  39  4:03  Orbital Command  
  40  4:10  SCV  
  40  4:14  SCV  
  40  4:15  Hellion x2  
  45  4:21  Refinery  
  45  4:23  Barracks  
  46  4:24  SCV, Barracks  
  46  4:28  SCV  
  46  4:30  SCV  
  48  4:36  SCV  
  48  4:37  Hellion x2  
  53  4:40  SCV  
  53  4:42  SCV  
  55  4:46  Starport  
  55  4:49  Marine  
  55  4:52  SCV  
  57  4:53  SCV  
  60  5:07  Supply Depot  
  60  5:08  Supply Depot  
Show
View Real Time Build Order
Export as new Build Order

Black Zerg - Winner!

Build Orders: Hatch First 

Get SALT Encoding   

  12  0:02  Drone  
  13  0:12  Overlord  
  13  0:18  Drone  
  14  0:30  Drone x2  
  14  0:34  Drone  
  17  0:52  Hatchery  
  17  0:55  Drone  
  17  0:57  Extractor  
  17  0:59  Drone  
  17  1:13  Spawning Pool  
  17  1:16  Drone  
  17  1:21  Drone  
  18  1:28  Drone  
  19  1:38  Overlord  
  19  2:01  Metabolic Boost  
  19  2:02  Queen, Zergling x4  
  19  2:04  Zergling x2  
  19  2:08  Queen  
  24  2:12  Drone  
  27  2:16  Drone  
  27  2:22  Drone  
  29  2:26  Drone  
  30  2:40  Drone x2, Extractor  
  31  2:49  Hatchery  
  31  2:52  Drone x2  
  31  2:54  Drone  
  31  2:56  Queen  
  36  3:00  Overlord  
  36  3:04  Overlord  
  36  3:11  Overlord  
  36  3:18  Drone x2  
  38  3:20  Drone x2  
  38  3:21  Drone  
  40  3:27  Drone x2  
  40  3:28  Drone  
  42  3:34  Drone x2  
  42  3:39  Extractor  
  42  3:41  Roach Warren  
  42  3:45  Drone x2  
  43  3:56  Drone  
  43  3:57  Drone  
  43  4:00  Lair  
  45  4:14  Overlord  
  45  4:22  Roach x5  
  55  4:24  Zergling x2  
  55  4:25  Zergling x10  
  62  4:31  Drone  
  62  4:33  Drone  
  62  4:36  Drone  
  62  4:38  Overlord x3  
  64  4:47  Drone x3  
  67  4:55  Drone x6  
  67  4:56  Drone  
  74  5:04  Extractor  
Tags
 
Add a new tag
Caveats
  • Supply blocks, unpowered buildings, or Contaminate may cause inaccurate times.
  • Supply counts are checked every 10 seconds.